 Dungeon Crawl Stone Soup version 0.30.1-11-g7821555f0a (webtiles) character file.

Game seed: 7962042722717864506

4 Duuthrak the Chiller (level 1, -2/14 HPs)
             Began as a Draconian Ice Elementalist on Nov 2, 2023.
             Killed from afar by a dart slug (4 damage)
             ... with a slug dart
             ... on level 1 of the Dungeon.
             The game lasted 00:02:10 (181 turns).

Duuthrak the Chiller (Draconian Ice Elementalist)    Turns: 181, Time: 00:02:11

Health: -2/14      AC:  4    Str: 10    XL:     1   Next: 50%
Magic:  3/3        EV: 12    Int: 15    God:
Gold:   0          SH:  0    Dex: 11    Spells: 3/4 levels left

rFire   . . .        b - +0 club
rCold   . . .        (no shield)
rNeg    . . .        (body armour unavailable)
rPois   .            (helmet restricted)
rElec   .            (no cloak)
rCorr   .            (no gloves)
SInv    .            (no boots)
Will    .....        (no amulet)
Stlth   ++           (no ring)
HPRegen 0.22/turn    (no ring)
MPRegen 0.08/turn

%: no passive effects
@: no status effects
A: AC +4, unfitting armour, cold-blooded
a: no special abilities


You were on level 1 of the Dungeon.
You visited 1 branch of the dungeon, and saw 1 of its levels.

Inventory:

Hand Weapons
 b - a +0 club (weapon)
Potions
 a - a potion of magic


   Skills:
 + Level 1.8 Dodging
 + Level 1.7 Stealth
 + Level 2.1 Spellcasting
 + Level 4.1 Ice Magic


You had 3 spell levels left.
You knew the following spells:

 Your Spells              Type           Power      Damage    Failure   Level
a - Freeze                Ice            52%        1d6       4%          1

Your spell library contained the following spells:

 Spells                   Type           Power      Damage    Failure   Level
 Frozen Ramparts          Ice            26%        1d4       12%         3
 Ozocubu's Armour         Ice            13%        N/A       12%         3
 Summon Ice Beast         Ice/Summ       7%         N/A       67%         4


Dungeon Overview and Level Annotations

Branches:
Dungeon (1/15)

Altars:


Innate Abilities, Weirdness & Mutations

Your plain brown scales are hard. (AC +4)
You cannot fit into any form of body armour.
You are cold-blooded and may be slowed by cold attacks.


Message History

A jackal comes into view.
The quokka closely misses you. The quokka bites you.
The goblin hits you but does no damage.
You see here a quokka corpse.
You hit the goblin.
The goblin is severely wounded.
The quokka bites you. The goblin barely misses you.
You closely miss the goblin.
The goblin is severely wounded.
The quokka closely misses you. The goblin hits you with a +0 club.
You barely miss the goblin.
The goblin is severely wounded.
The quokka barely misses you. The goblin barely misses you.
You barely miss the goblin.
The goblin is severely wounded.
The quokka bites you. The goblin closely misses you.
The quokka barely misses you.
You miss the goblin.
The goblin is severely wounded.
The quokka bites you. The goblin barely misses you.
You hit the goblin.
You kill the goblin!
The quokka barely misses you. The quokka closely misses you.
The dart slug closely misses you.
You see here a +0 club.
b - a +0 club The quokka closely misses you.
A jackal comes into view.
The dart slug launches a dart at you. The slug dart hits you.
* * * LOW HITPOINT WARNING * * *
b - a +0 club (weapon)
The quokka misses you.
You completely miss the dart slug. You tail-slap the dart slug.
The dart slug is moderately wounded.
The quokka bites you.
* * * LOW HITPOINT WARNING * * *
The dart slug launches a dart at you. The slug dart hits you.
You die...

#######.# #.#
....#.#.# #.#
###.#.#.# #.#
#<..#.#.# #.#
#####.#.# #.#
......#.# #.+
#####.#.#.######.#
...............r†#
##############.#@#
..#..........#.#w#
#.#.########.#.#h.
#.#........#.#.#$..
#.########.#.#.#.##.
#..........#...#..
..
################..
.. ##. ..


You could see a dart slug, a quokka and a jackal.

Vanquished Creatures
  A goblin (D:1)
  A hobgoblin (D:1)
  A quokka (D:1)
3 creatures vanquished.

Notes
Turn   | Place    | Note
-------+----------+-------------------------------------------
     0 | D:1      | Duuthrak the Draconian Ice Elementalist began the quest for
                  | the Orb.
     0 | D:1      | Reached XP level 1. HP: 14/14 MP: 3/3
   181 | D:1      | Killed from afar by a dart slug

Illustrated notes

Levels and vault maps discovered:
D:1:      matt_arrival_spirals, layout_basic, nrook_loot_triangle

Action                     || total
---------------------------++-------
  Melee: Unarmed           ||    24
         Tailslap          ||     3
         Club              ||     1
 Armour: Skin              ||     5
  Dodge: Dodged            ||    23
